 Dungeon Crawl Stone Soup version 0.26-a0-663-g36e8fdb655 (webtiles) character file.

Game seed: 9422488437472336695

9590 lunkers the Slicer (level 11, -2/108 HPs)
             Began as a Kobold Berserker on Oct 12, 2020.
             Was a High Priest of Trog.
             Slain by a boulder beetle (27 damage)
             ... on level 11 of the Dungeon on Oct 13, 2020.
             The game lasted 00:22:51 (11046 turns).

lunkers the Slicer (Kobold Berserker)              Turns: 11046, Time: 00:22:52

Health: -2/108     AC:  7    Str: 14    XL:     11   Next: 77%
Magic:  0/11       EV: 21    Int:  9    God:    Trog [*****.]
Gold:   661        SH:  0    Dex: 18    Spells: 10/10 levels left

rFire    . . .     SeeInvis .   b - +4 dagger
rCold    . . .     Faith    .   (shield restricted)
rNeg     + . .     Spirit   +   j - +0 ring mail
rPois    +         Reflect  .   m - +0 helmet
rElec    .         Harm     .   d - +0 cloak
rCorr    .         Rampage  .   (no gloves)
MR       .....                  (no boots)
Stlth    ..........             z - amulet of guardian spirit
HPRegen  0.28/turn              q - ring of positive energy
MPRegen  0.12/turn              H - ring of poison resistance

@: berserking, very quick
A: small, nightstalker 3
a: Berserk, Trog's Hand, Brothers in Arms, Renounce Religion


You were on level 11 of the Dungeon.
You worshipped Trog.
Trog was extremely pleased with you.
You visited 1 branch of the dungeon, and saw 11 of its levels.

You collected 661 gold pieces.

Inventory:

Hand Weapons
 b - a +4 dagger (weapon)
Armour
 d - a +0 cloak (worn)
 j - a +0 ring mail (worn)
 m - a +0 helmet (worn)
Jewellery
 q - a ring of positive energy (left hand)
 z - an amulet of guardian spirit (around neck)
 G - an uncursed amulet of faith
 H - a ring of poison resistance (right hand)
 J - an uncursed ring of flight
Wands
 k - a wand of flame (40)
 r - a wand of random effects (26)
 x - a wand of disintegration (12)
 B - a wand of polymorph (28)
 D - a wand of iceblast (7)
Scrolls
 e - 3 scrolls of fog {unknown}
 f - 3 scrolls of remove curse
 g - 11 scrolls of identify
 h - 3 scrolls of amnesia {unknown}
 p - 3 scrolls of fear
 u - a scroll of immolation {unknown}
 v - a scroll of noise {unknown}
 y - 3 scrolls of teleportation {unknown}
 A - 2 scrolls of enchant armour {unknown}
 E - a scroll of vulnerability {unknown}
 F - a scroll of silence {unknown}
 K - a scroll of magic mapping {unknown}
Potions
 a - a potion of might {unknown}
 c - a potion of curing
 i - 3 potions of heal wounds
 l - a potion of brilliance {unknown}
 n - a potion of ambrosia {unknown}
 o - 2 potions of lignification {unknown}
 s - a potion of magic {unknown}
 t - 5 potions of haste {unknown}
 C - a potion of degeneration {unknown}
 I - 2 potions of flight {unknown}
 M - a potion of resistance {unknown}


   Skills:
 + Level 9.7 Fighting
 - Level 12.0 Short Blades
 - Level 1.5 Armour
 + Level 10.3 Dodging
 + Level 11.6 Stealth
 - Level 6.0 Evocations


You had 10 spell levels left.
You didn't know any spells.
Your spell library was empty.

Dungeon Overview and Level Annotations

Branches:
Dungeon (11/15)            Temple (0/1) D:5            Lair (0/6) D:8
    Orc (0/2) D:10

Altars:
Dithmenos
Fedhas
Gozag
Kikubaaqudgha
Qazlal
Ru
Vehumet
Yredelemnul
Zin
The Shining One

Annotations:
D:7 1 runed translucent door, krigyl's ghost, novice MfCK


Innate Abilities, Weirdness & Mutations

You are small and have problems with some larger weapons.
You are completely attuned to the shadows.


Message History

The gargoyle is heavily damaged.
A centaur comes into view.
The boulder beetle misses you.
Unknown command.
You completely miss the boulder beetle.
The boulder beetle is moderately wounded.
The centaur shoots an arrow.
The arrow misses you. The gargoyle completely misses you.
Unknown command.
Unknown command.
Your ring mail prevents you from hitting the gargoyle.
The gargoyle is heavily damaged.
Unknown command.
Unknown command.
You hit the gargoyle but do no damage.
The gargoyle is heavily damaged.
The centaur shoots an arrow.
The arrow completely misses you. The boulder beetle bites you!!
* * * LOW MAGIC WARNING * * *
You die...

.....'........
.....#......#.
#.......########.
#........ .....
#........ .....
#####.cc†....
..[..
......c..######
##...
.........#.....
#...
....@B...#.....
..
...9(....#......
..
................
..
+####..8.8.8.8..
.. #...........
.. #.....#'######
.. .....#......#
.. ....#......#
..
....###....##..


You could see a boulder beetle, a gargoyle and 3 centaurs.

Vanquished Creatures
  Erica (D:11)
  Pikel (D:3)
  2 oklob plants (D:10)
  2 ugly things (D:11)
  A centaur skeleton (D:10)
  A troll (D:8)
  Grinder (D:4)
  2 shadows (D:10)
  3 wraiths
  A wyvern (D:10)
  Grum (D:10)
  A steam dragon (D:10)
  3 wargs (D:8)
  A water moccasin (D:8)
  2 orc warriors
  An eye of draining (D:9)
  3 phantoms
  An ice beast (D:6)
  2 sky beasts
  A necrophage (D:5)
  An ogre (D:9)
  2 wolves (D:10)
  5 centaurs
  Blork the orc (D:5)
  6 bullfrogs
  4 scorpions
  A wyvern skeleton (D:8)
  A troll zombie (D:10)
  5 killer bees (D:10)
  8 wights
  6 howler monkeys
  2 bullfrog zombies
  5 hounds
  A quasit (D:7)
  A centaur zombie (D:7)
  3 orc priests
  3 bullfrog skeletons
  2 jellies
  Crazy Yiuf (D:3)
  3 iguanas
  6 orc wizards
  10 worker ants
  A killer bee zombie (D:5)
  7 ogre zombies (D:10)
  A worker ant zombie (D:9)
  3 gnolls (D:5)
  8 adders
  3 shadow imps
  4 white imps
  An ufetubus (D:5)
  A worm (D:2)
  4 adder skeletons
  An adder zombie (D:8)
  A dart slug (D:4)
  6 leopard geckos
  35 orcs
  A ball python (D:1)
  5 giant cockroaches
  5 goblins
  6 hobgoblins
  8 jackals
  11 kobolds
  2 quokkas
  10 bats
  5 frilled lizards
  2 goblin skeletons (D:10)
  3 goblin zombies (D:10)
  2 hobgoblin zombies (D:10)
  A leopard gecko zombie (D:6)
  3 orc skeletons (D:10)
  14 orc zombies (D:10)
  11 rats
273 creatures vanquished.

Vanquished Creatures (others)
  An orc wizard (D:8)
  2 bushes (D:3)
3 creatures vanquished.

Grand Total: 276 creatures vanquished

Notes
Turn   | Place    | Note
-------+----------+-------------------------------------------
     0 | D:1      | lunkers the Kobold Berserker began the quest for the Orb.
     0 | D:1      | Reached XP level 1. HP: 14/14 MP: 1/1
   345 | D:1      | Reached XP level 2. HP: 19/19 MP: 2/2
   378 | D:1      | Reached skill level 1 in Stealth
   601 | D:1      | Reached XP level 3. HP: 22/23 MP: 3/3
  1002 | D:2      | Reached ** piety under Trog
  1457 | D:2      | Reached XP level 4. HP: 29/29 MP: 4/4
  1596 | D:3      | Reached skill level 5 in Short Blades
  1906 | D:3      | Found a runed translucent door.
  1907 | D:3      | Noticed Crazy Yiuf
  1909 | D:3      | Killed Crazy Yiuf
  1957 | D:3      | Reached XP level 5. HP: 33/33 MP: 5/5
  2116 | D:3      | Reached skill level 6 in Short Blades
  2120 | D:3      | Reached XP level 6. HP: 33/38 MP: 6/6
  2334 | D:4      | Noticed a phantom
  2371 | D:3      | Killed a phantom
  2612 | D:4      | Reached XP level 7. HP: 40/44 MP: 7/7
  2694 | D:4      | Noticed Grinder
  2696 | D:4      | Paralysed by Grinder for 2 turns
  2702 | D:4      | Paralysed by Grinder for 6 turns
  2713 | D:4      | Killed Grinder
  2713 | D:4      | Reached skill level 7 in Short Blades
  2885 | D:4      | Noticed Pikel
  2904 | D:3      | Killed Pikel
  2904 | D:3      | Reached skill level 5 in Fighting
  2904 | D:3      | Reached skill level 8 in Short Blades
  2904 | D:3      | Reached skill level 5 in Dodging
  2904 | D:3      | Reached skill level 5 in Stealth
  2904 | D:3      | Reached XP level 8. HP: 50/50 MP: 8/8
  3428 | D:5      | Entered Level 5 of the Dungeon
  3674 | D:5      | Noticed Blork the orc
  3685 | D:5      | Killed Blork the orc
  3755 | D:5      | Found a staircase to the Ecumenical Temple.
  3797 | D:5      | Reached skill level 9 in Short Blades
  4075 | D:5      | You fall into a shaft and drop 3 floors!
  4091 | D:8      | Reached *** piety under Trog
  4091 | D:8      | Reached XP level 9. HP: 54/54 MP: 9/9
  4739 | D:6      | Found a glowing silver altar of Zin.
  4739 | D:6      | Found a radiant altar of Vehumet.
  4758 | D:6      | Reached skill level 10 in Short Blades
  4915 | D:6      | Got a polished dagger
  4919 | D:6      | Identified the cursed +0 dagger of Departure {holy, rF+
                  | Str+5} (You found it on level 6 of the Dungeon)
  6001 | D:7      | Found an ancient bone altar of Kikubaaqudgha.
  6106 | D:7      | Reached XP level 10. HP: 60/60 MP: 10/10
  6110 | D:7      | Found a glowing golden altar of the Shining One.
  6146 | D:7      | Found a runed translucent door.
  6146 | D:7      | Noticed krigyl's ghost (novice MfCK)
  6156 | D:7      | Found a basalt altar of Yredelemnul.
  6204 | D:8      | Reached **** piety under Trog
  6320 | D:8      | Reached skill level 5 in Evocations
  6341 | D:8      | Reached skill level 11 in Short Blades
  6837 | D:8      | Found a stormy altar of Qazlal.
  6873 | D:8      | Found a sacrificial altar of Ru.
  7433 | D:8      | Found a staircase to the Lair.
  7478 | D:8      | HP: 1/62 [warg (14)]
  7943 | D:9      | Found an opulent altar of Gozag.
  8158 | D:9      | Reached ***** piety under Trog
  8451 | D:9      | Reached skill level 12 in Short Blades
  8562 | D:9      | Found a shadowy altar of Dithmenos.
  8749 | D:10     | Entered Level 10 of the Dungeon
  9190 | D:10     | Reached XP level 11. HP: 61/68 MP: 11/11
  9223 | D:10     | Found a staircase to the Orcish Mines.
  9510 | D:10     | Reached skill level 10 in Stealth
  9524 | D:10     | Received a gift from Trog
 10078 | D:10     | Noticed Grum
 10079 | D:10     | Killed Grum
 10101 | D:10     | Found a blossoming altar of Fedhas.
 10104 | D:10     | Noticed an oklob plant
 10104 | D:10     | Noticed an oklob plant
 10106 | D:10     | Killed an oklob plant
 10108 | D:10     | Killed an oklob plant
 10714 | D:11     | Noticed Erica
 10718 | D:11     | Killed Erica
 10718 | D:11     | Reached skill level 10 in Dodging
 10912 | D:11     | Noticed a cyan ugly thing
 10912 | D:11     | Noticed a purple ugly thing
 10916 | D:11     | Killed a purple ugly thing
 10919 | D:11     | Killed a cyan ugly thing
 11018 | D:11     | Noticed a boulder beetle
 11046 | D:11     | Slain by a boulder beetle

Illustrated notes

Levels and vault maps discovered:
D:1:      elethiomel_arrival_shortcut, layout_basic
D:2:      layout_loops_ring, item_on_display_a
D:3:      layout_basic, grunt_ministairs_7, minmay_hedge_maze,
          minmay_crystal_room, uniq_crazy_yiuf_cottage
D:4:      layout_basic, minmay_liquid_box, nrook_uturn, minivault_19,
          st_stairs_6, uniq_grinder, uniq_pikel
D:5:      layout_rooms, minmay_temple_entry_waves, serial_glass,
          glass_columns_a, glass_columns_c, uniq_blork_the_orc
D:6:      layout_cave_pools, chequers_temple_overflow_statue_of_worship
D:7:      layout_cave_pools, lemuel_crystal_altar, tso_altar,
          kennysheep_mini_moat, gammafunk_ghost_grave
D:8:      layout_loops_ring, kennysheep_mini, erik_lair_orcish_takeover,
          basic_altar, grunt_ministairs_15
D:9:      layout_basic, grunt_gozag_breadcrumbs,
          nicolae_dithmenos_through_a_glass_darkly
D:10:     layout_basic, zombieorc2_lemuel, minmay_misc_feat_ornament,
          hangedman_tree_tricks, uniq_grum
D:11:     layout_irregular_city, serial_column_ruins,
          column_ruins_circle_medium, column_ruins_grid_1, column_ruins_grid_1,
          column_ruins_columns_corner, column_ruins_grid_3,
          column_ruins_columns_straight, column_ruins_open_small,
          column_ruins_columns_straight, uniq_erica

Skill      XL: |  1  2  3  4  5  6  7  8  9 10 11 |
---------------+----------------------------------+-----
Stealth        | 1 2 3 4 5 6 7 9 11 | 11.6
Dodging        | 3 4 5 6 7 8 10 | 10.3
Short Blades   | 5 6 8 9 10 12 | 12.0
Fighting       | 4 5 6 8 9 |  9.7
Evocations     | 2 3 4 6 |  6.0
Armour         | |  1.5

Action                   |  1- 3 |  4- 6 |  7- 9 | 10-12 || total
-------------------------+-------+-------+-------+-------++-------
Melee: Short sword       |    81 |   141 |   158 |       ||   380
       Dagger            |       |       |   148 |   749 ||   897
Invok: Berserk           |     1 |     2 |    10 |     9 ||    22
       Trog's Hand       |       |       |       |     2 ||     2
Evoke: Wand              |       |       |     1 |       ||     1
  Use: Scroll            |       |       |     2 |     4 ||     6
       Potion            |       |       |       |     2 ||     2
 Stab: Sleeping          |    14 |    10 |    23 |    39 ||    86
       Distracted        |     1 |       |     1 |     3 ||     5
Armor: Animal skin       |     6 |     4 |       |       ||    10
       Ring mail         |       |    24 |    46 |    78 ||   148
Dodge: Dodged            |    62 |    78 |   150 |   388 ||   678

Table legend: (Time is in decaauts)
 A = Elapsed time spent in this place.
 B = Non-inter-level travel time spent in this place.
 C = Inter-level travel time spent in this place.
 D = Time resting spent in this place.
 E = Time spent auto-exploring this place.
 F = Levels seen in this place.
 G = Mean time per level.
                   A        B        C        D        E       F      G
               +--------+--------+--------+--------+--------+-----+--------+
         Total |  10735 |  10543 |    192 |    498 |   8169 |  11 |  975.9 |
       Dungeon |  10735 |  10543 |    192 |    498 |   8169 |  11 |  975.9 |
               +--------+--------+--------+--------+--------+-----+--------+

Top non-repeatable levels by time:
    D:10: 1826 daAuts
     D:8: 1709 daAuts
     D:6: 1053 daAuts
     D:3: 1022 daAuts
     D:9: 883 daAuts
     D:5: 844 daAuts
     D:4: 825 daAuts
     D:2: 805 daAuts
     D:1: 781 daAuts
     D:7: 690 daAuts
    D:11: 293 daAuts
